AoeStats
← PZ|MBalu

Black Forest

509448173Analyzed
4v4 RM · 7d ago on Sep 26, 2026· 47m 45s· 8 players
Game mode
Random Map
Map size
Large (8 player)
Population
200
Speed
Normal
Resources
Standard
Victory
Conquest
Starting age
Dark Age
Ending age
Imperial Age
RankedLock teamsTeams togetherTeam positionsShared explorationLock speedFull tech treeHidden civsTurbo modeCheats
Victory
Defeat
🇨🇳 Khmer · China
1230
+15
🇹🇷 Italians · Türkiye
1215
+15
🇮🇳 Ethiopians · India
1203
+16
🇦🇹 Bohemians · Austria
1190
+17
🇭🇺 Britons · Hungary
1271
-18
🇭🇺 Danes · Hungary
1202
-16
🇺🇸 Malay · United States
1179
-15
🇦🇷 Goths · Argentina
1162
-14
EarthquakE
11:05 Feudal Age
11:29 Loom
11:53 Horse Collar
13:01 Gold Mining
15:26 Castle Age
13:12 Double-Bit Axe
13:58 Stone Mining
22:56 Heavy Plow
24:57 Wheelbarrow
25:24 Stone Shaft Mining
26:21 Bow Saw
27:17 Caravan
27:48 Coinage
28:59 Silk Road
32:44 Imperial Age
30:30 Forging
30:21 Squires
30:07 Arson
30:51 Scale Mail Armor
32:13 Iron Casting
32:40 Chain Mail Armor
32:17 Fletching
33:48 Hand Cart
34:46 Blast Furnace
36:32 Chemistry
35:58 Conscription
37:59 Banking
37:44 Guilds
38:18 Padded Archer Armor
38:15 Bodkin Arrow
38:43 Elite Genoese Crossbowman
39:59 Bracer
42:54 Leather Archer Armor
47:05 Crop Rotation
47:40 Two-Man Saw
47:12 Ring Archer Armor
KISSSHOT
1:33 Loom
11:19 Feudal Age
14:29 Castle Age
12:47 Horse Collar
12:54 Double-Bit Axe
15:41 Bow Saw
16:22 Wheelbarrow
21:59 Heavy Plow
22:55 Gold Mining
24:35 Stone Mining
25:22 Hand Cart
25:23 Town Watch
29:49 Imperial Age
28:03 Gold Shaft Mining
29:26 Ballistics
29:57 Capped Ram
29:58 Heavy Scorpion
30:54 Siege Engineers
31:05 Town Patrol
31:22 Double Crossbow
32:23 Conscription
33:05 Chemistry
31:53 Sappers
32:59 Crop Rotation
32:55 Siege Ram
34:27 Stone Shaft Mining
34:27 Coinage
35:20 Fortified Wall
35:21 Masonry
35:06 Murder Holes
35:55 Coinage
35:37 Caravan
36:35 Banking
39:10 Scale Barding Armor
39:15 Forging
39:07 Tusk Swords
40:31 Architecture
40:30 Chain Barding Armor
40:45 Iron Casting
40:24 Bloodlines
39:58 Elite Battle Elephant
40:40 Husbandry
42:29 Plate Barding Armor
42:54 Blast Furnace
42:52 Light Cavalry
43:51 Hussar
Teufelchen
10:33 Feudal Age
15:00 Castle Age
13:19 Double-Bit Axe
13:26 Horse Collar
16:33 Bow Saw
17:53 Loom
21:18 Wheelbarrow
22:32 Heavy Plow
23:45 Hand Cart
30:03 Imperial Age
27:52 Pikeman
28:37 Scale Mail Armor
29:40 Chemistry
30:46 Chain Mail Armor
30:41 Forging
31:58 Conscription
31:15 Houfnice
32:29 Siege Engineers
32:25 Fletching
32:36 Padded Archer Armor
33:00 Elite Skirmisher
33:37 Bodkin Arrow
35:29 Bracer
35:45 Leather Archer Armor
37:46 Ring Archer Armor
37:40 Ballistics
38:18 Plate Mail Armor
38:48 Iron Casting
38:47 Scale Barding Armor
40:01 Halberdier
40:42 Squires
40:59 Caravan
44:33 Masonry
44:19 Murder Holes
46:11 Two-Man Saw
48:49 Blast Furnace
47:54 Town Watch
NightmarE™
2:04 Loom
12:45 Feudal Age
14:51 Town Watch
17:22 Castle Age
15:40 Double-Bit Axe
15:39 Horse Collar
18:59 Bow Saw
21:05 Heavy Plow
23:48 Gold Mining
26:36 Wheelbarrow
30:34 Imperial Age
28:29 Fletching
28:15 Crossbowman
29:31 Bodkin Arrow
30:17 Gold Shaft Mining
29:37 Stone Mining
31:09 Ballistics
31:41 Bracer
32:48 Chemistry
31:59 Arbalester
33:29 Hand Cart
34:57 Thumb Ring
37:20 Conscription
37:31 Padded Archer Armor
38:54 Torsion Engines
39:31 Onager
40:44 Guilds
41:15 Stone Shaft Mining
40:50 Siege Onager
42:53 Siege Engineers
PZ|SlothKing
0:45 Loom
10:46 Feudal Age
16:24 Castle Age
14:48 Double-Bit Axe
15:45 Horse Collar
17:45 Town Watch
25:31 Gold Mining
27:47 Wheelbarrow
30:37 Imperial Age
28:48 Fletching
28:58 Padded Archer Armor
29:08 Heavy Plow
29:20 Bow Saw
30:16 Ballistics
30:01 Bodkin Arrow
31:11 Leather Archer Armor
31:52 Conscription
31:06 Elite Longbowman
31:26 Pikeman
32:07 Squires
33:36 Bracer
33:59 Yeomen
35:06 Ring Archer Armor
35:18 Warwolf
38:24 Chemistry
37:37 Elite Skirmisher
37:38 Crossbowman
39:04 Arbalester
42:31 Halberdier
44:58 Gambesons
44:59 Arson
46:59 Scale Mail Armor
47:09 Forging
PZ|MBalu
10:43 Feudal Age
16:33 Castle Age
15:02 Double-Bit Axe
15:11 Horse Collar
16:02 Gold Mining
18:43 Bow Saw
18:43 Heavy Plow
19:30 Wheelbarrow
28:45 Imperial Age
26:53 Gold Shaft Mining
26:39 Hand Cart
28:22 Stone Mining
29:05 Scale Mail Armor
28:47 Onager
30:32 Chemistry
30:04 Siege Onager
31:43 Forging
32:13 Siege Engineers
33:10 Iron Casting
32:16 Elite Varangian Guard
33:31 Chain Mail Armor
35:34 Blast Furnace
36:50 Northmen's Fury
37:57 Bloodlines
39:45 Light Cavalry
41:29 Plate Mail Armor
47:17 Scale Barding Armor
Evil Mechanic
6:27 Loom
12:11 Feudal Age
17:19 Castle Age
16:15 Double-Bit Axe
16:11 Horse Collar
17:30 Wheelbarrow
17:57 Bow Saw
18:50 Hand Cart
28:05 Heavy Plow
27:56 Gold Mining
28:14 Caravan
34:32 Imperial Age
31:49 Town Watch
32:34 Town Patrol
33:12 Ballistics
33:53 Onager
35:40 Chemistry
35:13 Conscription
35:57 Husbandry
36:08 Forging
36:04 Scale Barding Armor
35:55 Stone Mining
36:40 Gold Shaft Mining
36:37 Crop Rotation
36:22 Guilds
37:26 Iron Casting
41:12 Stone Shaft Mining
41:39 Blast Furnace
41:54 Fletching
42:11 Siege Engineers
42:47 Bodkin Arrow
Alvaroski
0:27 Loom
10:57 Feudal Age
11:25 Double-Bit Axe
18:43 Castle Age
16:50 Horse Collar
20:52 Fletching
25:14 Bow Saw
26:39 Wheelbarrow
27:02 Heavy Plow
27:04 Treadmill Crane
28:33 Pikeman
32:32 Imperial Age
30:38 Squires
30:53 Anarchy
31:00 Stone Mining
31:37 Bodkin Arrow
31:45 Scale Mail Armor
32:22 Gold Mining
33:35 Conscription
34:47 Chemistry
34:09 Forging
35:31 Iron Casting
35:01 Man-at-Arms
35:56 Long Swordsman
36:49 Perfusion
36:33 Two-Handed Swordsman
37:32 Chain Mail Armor
Connection lost

Rejoining the realm…

Still unreachable

The connection could not be restored.

Session expired

The server has moved on; the page needs a fresh start.